 Dungeon Crawl Stone Soup version 0.18.1-48-g4cf74bf (webtiles) character file.

70 torvon the Sneak (level 4, 0/23 HPs)
             Began as a Vine Stalker Assassin on Aug 8, 2016.
             Slain by Crazy Yiuf
             ... wielding a +3 quarterstaff of chaos
              (2 damage)
             ... on level 2 of the Dungeon.
             The game lasted 00:07:10 (1262 turns).

torvon the Sneak (Vine Stalker Assassin)            Turns: 1262, Time: 00:07:13

Health: 0/23       AC:  4    Str: 13    XL:     4   Next: 21%
Magic:  0/5        EV: 12    Int: 11    God:
Gold:   111        SH:  0    Dex: 17    Spells: 0 memorised, 3 levels left

rFire  . . .     SeeInvis .     a - +2 dagger
rCold  . . .     Gourm    .     c - +0 robe
rNeg   . . .     Faith    .     (no shield)
rPois  .         Spirit   +     I - +0 helmet
rElec  .         Dismiss  .     d - +0 cloak
rCorr  .         Reflect  .     (no gloves)
SustAt .         Harm     .     (no boots)
MR     .....                    (no amulet)
Stlth  +++.......               (no ring)
                                (no ring)

@: drained, not resistant to hostile enchantments, fairly stealthy
A: fangs 2, regeneration 1, magic shield, antimagic bite, no device heal 3, rot
immunity
a: no special abilities


You were on level 2 of the Dungeon.
You were very hungry.

You visited 1 branch of the dungeon, and saw 2 of its levels.

You collected 111 gold pieces.

Inventory:

Hand Weapons
 a - a +2 dagger (weapon)
 b - a +0 blowgun
 k - a +0 short sword
 l - a +0 club
 s - a +0 spear
 t - a +0 dagger
 u - a +0 club
 C - a +0 club
 F - a +0 short sword
 H - a +0 dagger
 L - a +0 club
 O - a +0 dagger
 S - a +0 club
 T - a +0 mace
 U - a +0 mace
Missiles
 e - 5 poisoned needles
 f - a curare-tipped needle
 h - 110 stones
 q - 7 steel javelins (quivered)
 A - 12 tomahawks
 E - 21 arrows
 G - 49 sling bullets
Armour
 c - a +0 robe (worn)
 d - a +0 cloak (worn)
 B - a +0 ring mail
 I - a +0 helmet (worn)
 M - a +0 robe
 P - a +0 robe
 R - a +0 leather armour
Scrolls
 i - a scroll of teleportation {unknown}
 r - a scroll of random uselessness {unknown}
 v - a scroll of noise {unknown}
 w - a scroll of fog {unknown}
 y - a scroll of identify {unknown}
 D - a scroll of recharging {unknown}
Potions
 j - a potion of berserk rage {unknown}
 m - a potion of invisibility {unknown}
 n - a potion of curing
 o - 2 potions of heal wounds {unknown}
 p - a potion of magic {unknown}
 J - a potion of resistance {unknown}
 K - 2 potions of cure mutation {unknown}
 Q - a potion of degeneration {unknown}
Comestibles
 g - a bread ration
 x - 2 beef jerkies
 z - 3 fruits
 N - a meat ration


   Skills:
 + Level 2.1(1.8) Fighting
 + Level 1.8(1.4) Short Blades
 + Level 2.3(1.9) Throwing
 + Level 1.5(1.1) Dodging
 + Level 5.9(5.5) Stealth


You had 3 spell levels left.
You didn't know any spells.

Dungeon Overview and Level Annotations

Branches:
Dungeon (2/15)

Altars:

Annotations:
D:2 Crazy Yiuf


Innate Abilities, Weirdness & Mutations

You have extremely sharp teeth.
Your natural rate of healing is unusually fast.
When hurt, damage is shared between your health and your magic reserves.
Your bite disrupts and absorbs the magic of your enemies.
Potions and wands cannot restore your health.
You are immune to rotting.


Message History

Really attack while wielding your +0 blowgun? [Y]es or [N]o only, please.
Really attack while wielding your +0 blowgun? [Y]es or [N]o only, please.
Really attack while wielding your +0 blowgun? [Y]es or [N]o only, please.
Really attack while wielding your +0 blowgun? [Y]es or [N]o only, please.
Really attack while wielding your +0 blowgun? [Y]es or [N]o only, please.
Really attack while wielding your +0 blowgun?
Okay, then.
a - a +2 dagger (weapon)
You hit Crazy Yiuf but do no damage.
Crazy Yiuf is moderately wounded.
Crazy Yiuf hits you with a quarterstaff of chaos!
Ouch! That really hurt!
* * * LOW HITPOINT WARNING * * *
You feel drained.
You die...

##..........##...................
.........##.##..##...............
##.........#############...#####.
...........# #...# #.
......##.#.# ##### #...# ##
##.#..##.#.# #.()# #...#####
...........# #.()# #.......#
..##..##.#.# #)g.# #...###.#
####..##...# #@# #######.##
...........# ##.# ### ##...#
.....####### #.## ##...##.###.
###### ##.# #......## ## #.##
#.....## # ##.## #..... #..P##
#..... # #...P# ####.#. ## #....#
#.##.###.


You could see Crazy Yiuf.

Vanquished Creatures
  3 adders (D:2)
  A dart slug (D:2)
  3 giant geckos (D:2)
  A giant cockroach (D:1)
  4 goblins
  3 hobgoblins
  10 jackals
  7 kobolds
  4 rats
  A fungus (D:2)
37 creatures vanquished.

Notes
Turn   | Place    | Note
--------------------------------------------------------------
     0 | D:1      | torvon the Vine Stalker Assassin began the quest for the Orb.
     0 | D:1      | Reached XP level 1. HP: 11/11 MP: 2/2
    73 | D:1      | Reached skill level 5 in Stealth
   150 | D:1      | Reached XP level 2. HP: 15/15 MP: 3/3
   561 | D:2      | Reached XP level 3. HP: 13/18 MP: 2/4
   570 | D:2      | Reached skill level 1 in Dodging
   849 | D:2      | Reached XP level 4. HP: 13/23 MP: 2/5
  1251 | D:2      | Noticed Crazy Yiuf
  1262 | D:2      | Slain by Crazy Yiuf

Skill      XL: |  1  2  3 |
---------------+----------+-----
Stealth        | 5 |  5.9
Fighting       | 2 |  2.1
Throwing       | 2 |  2.3
Dodging        | 1 |  1.5
Short Blades   | |  1.8

Action                   |  1- 3 |  4- 6 || total
-------------------------+-------+-------++-------
Melee: Dagger            |    64 |    27 ||    91
       Bite              |    14 |    17 ||    31
 Fire: Blowgun           |       |     4 ||     4
Throw: Javelin           |    28 |     5 ||    33
       Stone             |     3 |       ||     3
  Use: Potion            |     1 |       ||     1
 Stab: Sleeping          |       |     1 ||     1
Armor: Robe              |    23 |     3 ||    26
Dodge: Dodged            |    43 |     4 ||    47
